 Dungeon Crawl Stone Soup version 0.18.1-48-g4cf74bf (webtiles) character file.

398 GapingDragon the Changer (level 6, 0/38 HPs)
             Began as an Octopode Transmuter on July 12, 2016.
             Killed by nerve-wracking pain
             ... invoked by an orc priest
              (14 damage)
             ... on level 4 of the Dungeon.
             The game lasted 00:08:58 (4369 turns).

GapingDragon the Changer (Octopode Transmuter)      Turns: 4369, Time: 00:08:58

Health: 0/38       AC:  1    Str:  9    XL:     6   Next: 83%
Magic:  9/9        EV: 12    Int: 18    God:
Gold:   306        SH:  0    Dex: 12    Spells: 3 memorised, 3 levels left

rFire  . . .     SeeInvis .     f - +2 dagger (venom)
rCold  . . .     Gourm    .     (no shield)
rNeg   . . .     Faith    .     (helmet restricted)
rPois  .         Spirit   .     (no amulet)
rElec  .         Dismiss  .     g - ring of flight
rCorr  .         Reflect  .     i - ring of stealth
SustAt .         Harm     .     (no ring)
MR     .....                    (no ring)
Stlth  +++.......               (no ring)
                                (no ring)
                                (no ring)
                                (no ring)

@: not resistant to hostile enchantments, fairly stealthy
A: almost no armour, amphibious, 8 rings, constrict 8, camouflage 1, gelatinous
body 1
a: Evoke Flight


You were on level 4 of the Dungeon.
You were very hungry.

You visited 1 branch of the dungeon, and saw 4 of its levels.

You collected 306 gold pieces.

Inventory:

Hand Weapons
 f - a +2 dagger of venom (weapon)
 m - a +2 dagger of speed
Missiles
 a - 22 arrows
Jewellery
 g - a ring of flight (left tentacle)
 i - a ring of stealth (right tentacle)
Scrolls
 e - 4 scrolls of recharging
 h - 3 scrolls of teleportation
 j - 2 scrolls of remove curse
Books
 b - a book of Changes

   Spells                             Type                      Level
   a - Beastly Appendage              Transmutation                1
   b - Sticks to Snakes               Transmutation                2
   c - Spider Form                    Transmutation/Poison         3
   d - Ice Form                       Ice/Transmutation            4
   e - Blade Hands                    Transmutation                5
 k - a book of Party Tricks

   Spells                             Type                      Level
   a - Summon Butterflies             Summoning                    1
   b - Apportation                    Translocation                1
   c - Tukima's Dance                 Hexes                        3
   d - Alistair's Intoxication        Transmutation/Poison         5
   e - Invisibility                   Hexes                        6
Comestibles
 c - 5 bread rations
 d - 3 fruits


   Skills:
 - Level 1.0 Fighting
 - Level 2.0 Dodging
 - Level 3.0 Unarmed Combat
 - Level 2.0 Spellcasting
 + Level 7.1 Transmutations


You had 3 spell levels left.
You knew the following spells:

 Your Spells              Type           Power        Failure   Level  Hunger
a - Beastly Appendage     Trmt           ####..       1%          1    #......
b - Sticks to Snakes      Trmt           ####....     1%          2    ###....
c - Spider Form           Trmt/Pois      ##........   14%         3    ###....


Dungeon Overview and Level Annotations

Branches:
Dungeon (4/15)             Temple (0/1) D:4

Altars:
Makhleb
Qazlal
Vehumet


Innate Abilities, Weirdness & Mutations

You cannot wear most types of armour.
You are amphibious.
You can wear up to eight rings at the same time.
You can use your tentacles to constrict eight enemies at once.
Your skin changes colour to match your surroundings (Stealth).
Your rubbery body absorbs attacks (AC +1).


Message History

You squeeze the adder skeleton, but do no damage.
You constrict the adder skeleton.
The adder skeleton bites you but does no damage.
You hit the adder skeleton. You constrict the adder skeleton.
The adder skeleton bites you.
You hit the adder skeleton. You constrict the adder skeleton.
The adder skeleton barely misses you.
You hit the adder skeleton.
You destroy the adder skeleton!
No target in view!
c - 5 bread rations (gained 1)
An orc comes into view. It is wielding a hand axe.
An orc and an orc priest come into view.
An orc wizard comes into view. It is wielding a dagger.
The orc priest shouts!
The orc shouts!
The orc priest invokes the aid of Beogh against you.
Beogh smites you!
The orc priest invokes the aid of Beogh against you.
Pain shoots through your body!
You die...

... #.# ... #.#
#.######.#####
.............#
...#####..##.#
##### .#)#
#..##.###...#
...#
#...........#
.###
##.##.###...# .#
#.##.###@..# .#
#........#.!....
.#
##..o###...####.
.# #...# ##.##
.# #...# .# ##
...... .# ..
###oo.# ## ##
#.o.# #...


You could see an orc priest.

Vanquished Creatures
  A phantom (D:3)
  A scorpion (D:4)
  2 hounds
  A gnoll shaman (D:4)
  5 gnolls (D:4)
  7 adders
  2 adder skeletons
  2 worms
  2 giant geckos
  An orc (D:3)
  A ball python (D:4)
  4 bats
  2 giant cockroaches
  8 goblins
  4 hobgoblins
  4 jackals (D:2)
  7 kobolds
  A quokka (D:2)
  3 giant newts
  7 rats
65 creatures vanquished.

Notes
Turn   | Place    | Note
--------------------------------------------------------------
     0 | D:1      | GapingDragon the Octopode Transmuter began the quest for the Orb.
     0 | D:1      | Reached XP level 1. HP: 13/13 MP: 3/3
   266 | D:1      | Reached XP level 2. HP: 18/18 MP: 5/5
   297 | D:1      | Learned a level 2 spell: Sticks to Snakes
   635 | D:1      | Reached skill level 3 in Transmutations
   804 | D:2      | Reached XP level 3. HP: 23/23 MP: 6/6
   853 | D:2      | Learned a level 3 spell: Spider Form
  1188 | D:2      | Reached skill level 4 in Transmutations
  1678 | D:2      | Reached XP level 4. HP: 17/28 MP: 7/7
  1873 | D:2      | Found a radiant altar of Vehumet.
  2248 | D:3      | Noticed a phantom
  2342 | D:3      | HP: 1/28 [phantom (9)]
  3049 | D:3      | Killed a phantom
  3049 | D:3      | Reached skill level 5 in Transmutations
  3049 | D:3      | Reached XP level 5. HP: 3/33 MP: 4/8
  3462 | D:3      | Found a burning altar of Makhleb.
  3629 | D:3      | Found a stormy altar of Qazlal.
  3634 | D:3      | Reached skill level 6 in Transmutations
  3634 | D:3      | Reached XP level 6. HP: 31/38 MP: 9/9
  3897 | D:4      | Reached skill level 7 in Transmutations
  4214 | D:4      | Found a staircase to the Ecumenical Temple.
  4346 | D:4      | Noticed a phantom
  4369 | D:4      | Killed from afar by an orc priest

Skill      XL: |  1  2  3  4  5  6 |
---------------+-------------------+-----
Transmutations | 3 4 5 6 7 |  7.1
Fighting       | |  1.0
Dodging        | |  2.0
Unarmed Combat | |  3.0
Spellcasting   | |  2.0

Action                   |  1- 3 |  4- 6 || total
-------------------------+-------+-------++-------
Melee: Unarmed           |    59 |    83 ||   142
       Constrict         |    14 |    18 ||    32
       Tentacles         |    11 |    14 ||    25
       Punch             |     1 |     1 ||     2
       Dagger            |       |    60 ||    60
       Kick              |       |     2 ||     2
 Cast: Sticks to Snakes  |       |     5 ||     5
       Spider Form       |       |     3 ||     3
       Beastly Appendage |       |     1 ||     1
  Use: Potion            |     4 |     1 ||     5
       Scroll            |     4 |     1 ||     5
 Stab: Sleeping          |     7 |    10 ||    17
  Eat: Chunk             |     2 |     7 ||     9
       Fruit             |       |     2 ||     2
Armor: Skin              |     4 |     8 ||    12
Dodge: Dodged            |    34 |    62 ||    96
